 Dungeon Crawl Stone Soup version 0.28-a0-1233-g92def6ad0a (webtiles) character file.

Game seed: 11455723350575817394

36 Conn the Firebug (level 3, -1/21 HPs)
             Began as an Octopode Fire Elementalist on Dec 23, 2021.
             Slain by a gnoll (4 damage)
             ... on level 2 of the Dungeon.
             The game lasted 00:03:17 (1300 turns).

Conn the Firebug (Octopode Fire Elementalist)       Turns: 1300, Time: 00:03:17

Health: -1/21      AC:  1    Str:  7    XL:     3   Next: 37%
Magic:  4/6        EV: 13    Int: 19    God:
Gold:   27         SH:  0    Dex: 12    Spells: 5/6 levels left

rFire   . . .      SeeInvis .   e - +0 dagger (venom)
rCold   . . .      Faith    .   (no shield)
rNeg    . . .      Spirit   .   (helmet restricted)
rPois   .          Reflect  .   (no amulet)
rElec   .          Harm     .   (no ring)
rCorr   .          Rampage  .   (no ring)
Will    .....                   (no ring)
Stlth   +++.......              (no ring)
HPRegen 0.07/turn               (no ring)
MPRegen 0.10/turn               (no ring)
                                (no ring)
                                (no ring)

@: no status effects
A: almost no armour, amphibious, 8 rings, camouflage 1, gelatinous body 1,
(nimble swimmer 1), tentacles
a: no special abilities


You were on level 2 of the Dungeon.
You visited 1 branch of the dungeon, and saw 2 of its levels.

You collected 27 gold pieces.

Inventory:

Hand Weapons
 b - a +0 dagger
 e - a +0 dagger of venom (weapon)
Missiles
 d - a javelin (quivered)


   Skills:
 + Level 2.1 Dodging
 + Level 3.2 Stealth
 + Level 2.3 Spellcasting
 + Level 1.2 Conjurations
 + Level 3.7 Fire Magic


You had 5 spell levels left.
You knew the following spells:

 Your Spells              Type           Power      Damage    Failure   Level
a - Foxfire               Conj/Fire      44%        2x1d6     6%          1

Your spell library contained the following spells:

 Spells                   Type           Power      Damage    Failure   Level
 Scorch                   Fire           32%        2d6       5%          2
 Conjure Flame            Conj/Fire      11%        6-21      19%         3
 Inner Flame              Hex/Fire       9%         N/A       22%         3
 Flame Wave               Conj/Fire      11%        2d5       52%         4
 Summon Cactus Giant      Summ           1%         N/A       100%        6


Dungeon Overview and Level Annotations

Branches:
Dungeon (2/15)

Altars:

Annotations:
D:2 Sigmund


Innate Abilities, Weirdness & Mutations

You cannot wear most types of armour.
You are amphibious.
You can wear up to eight rings at the same time.
Your skin changes colour to match your surroundings (Stealth+).
Your rubbery body absorbs attacks. (AC +1, EV +1)
((You are camouflaged when in or above water. (Stealth+)))
You have tentacles for arms and can constrict up to eight enemies at once.


Message History

The ball python completely misses you.
Casting: Foxfire (safe; 6% risk of failure)
Confirm with . or Enter, or press ? or * to list all spells.
You conjure some foxfire!
The foxfire hits the gnoll but does no damage.
The gnoll is moderately wounded.
The ball python barely misses you. x2
Unknown command.
The foxfire hits the ball python.
You kill the ball python!
A frilled lizard comes into view.
Found an escape hatch in the ceiling.
The frilled lizard moves out of view.
You see here 5 gold pieces.
Found a scroll labelled IBOAWE TEMUCW.
The frilled lizard hisses angrily.
Okay, then.
You aren't carrying any potions.
As you read the scroll labelled TUWYPPO PAEHU, it crumbles to dust.
The scroll dissolves into smoke.
It was a scroll of fog.
The gnoll barely misses you.
As you read the scroll labelled IBOAWE TEMUCW, it crumbles to dust.
It is a scroll of enchant armour.
You aren't carrying any armour which can be enchanted further.
The gnoll hits you with a +0 whip.
* * * LOW HITPOINT WARNING * * *
Unknown command.
Casting: Foxfire (safe; 6% risk of failure)
Confirm with . or Enter, or press ? or * to list all spells.
You conjure some foxfire!
The gnoll misses you.
Unknown command.
You barely miss the gnoll. You grab the gnoll.
You squeeze the gnoll, but do no damage.
The gnoll is moderately wounded.
You constrict the gnoll, but do no damage.
The foxfire hits the frilled lizard.
You kill the frilled lizard!
The foxfire hits the gnoll.
The gnoll is heavily wounded.
The frilled lizard closely misses you. The gnoll hits you with a +0 whip.
You die...

########...........?..
##.............
#=...........#
#............#
#..$...l.....#
#......§..<..#
#....§§§§§...#
#....§lg§§§..#
#....§§@§....#
##############


You could see a gnoll and a frilled lizard.

Vanquished Creatures
  An adder (D:2)
  2 endoplasms (D:1)
  A giant cockroach (D:1)
  5 goblins (D:1)
  3 hobgoblins (D:1)
  3 jackals (D:1)
  2 kobolds (D:1)
  4 ball pythons
  2 frilled lizards
  2 rats (D:1)
25 creatures vanquished.

Vanquished Creatures (others)
  49 foxfires
49 creatures vanquished.

Grand Total: 74 creatures vanquished

Notes
Turn   | Place    | Note
-------+----------+-------------------------------------------
     0 | D:1      | Conn the Octopode Fire Elementalist began the quest for the
                  | Orb.
     0 | D:1      | Reached XP level 1. HP: 11/11 MP: 3/3
   287 | D:1      | Reached XP level 2. HP: 13/17 MP: 0/5
   941 | D:1      | Found a faded altar of an unknown god.
   989 | D:1      | Reached XP level 3. HP: 21/21 MP: 2/6
  1277 | D:2      | Noticed Sigmund
  1289 | D:2      | Identified a scroll of acquirement
  1289 | D:2      | Acquired the ring "Reicem" {rElec rPois AC+4 Int+5 Dex-3}
  1300 | D:2      | Slain by a gnoll

Illustrated notes

Levels and vault maps discovered:
D:1:      dpeg_arrival_snail, layout_basic, nicolae_ecumenical_snake_handling
D:2:      layout_rooms, uniq_sigmund, uniq_robin

Skill      XL: |  1 |
---------------+----+-----
Stealth        | 3 |  3.2
Dodging        | |  2.1
Spellcasting   | |  2.3
Conjurations   | |  1.2
Fire Magic     | |  3.7

Action                   || total
-------------------------++-------
Melee: Dagger            ||    22
       Constrict         ||     7
       Tentacles         ||     5
Throw: Javelin           ||     6
 Cast: Foxfire           ||    28
  Use: Scroll            ||     3
 Stab: Sleeping          ||     2
Armor: Skin              ||     1
Dodge: Dodged            ||    31

Table legend: (Time is in decaauts)
 A = Elapsed time spent in this place.
 B = Non-inter-level travel time spent in this place.
 C = Inter-level travel time spent in this place.
 D = Time resting spent in this place.
 E = Time spent auto-exploring this place.
 F = Levels seen in this place.
 G = Mean time per level.
                   A        B        C        D        E       F      G
               +--------+--------+--------+--------+--------+-----+--------+
         Total |   1301 |   1281 |     20 |      0 |   1035 |   2 |  650.5 |
       Dungeon |   1301 |   1281 |     20 |      0 |   1035 |   2 |  650.5 |
               +--------+--------+--------+--------+--------+-----+--------+

Top non-repeatable levels by time:
     D:1: 1275 daAuts
     D:2: 26 daAuts
